Map: Deathaura LE

Players

JimRising

  • Race: Zerg Zerg
  • League: Grandmaster
  • Spawn Location: 11:00

Kelazhur - Winner!

  • Race: Terran Terran
  • League: Master
  • Spawn Location: 5:00

Event: DreamHack SC2 Masters 2020 Summer Latin America

VOD

Have the link to the VOD?

Description

Time

  • Played on: June 24, 2020, 4:18 p.m.
  • Length: 5:57

All games in this series

Show
View Real Time Build Order
Export as new Build Order

JimRising Zerg 

Build Orders: Hatch First 

Get SALT Encoding   

  12  0:00  Drone  
  13  0:12  Overlord  
  13  0:18  Drone  
  14  0:30  Drone x2  
  16  0:48  Hatchery  
  15  0:51  Drone  
  15  0:55  Drone  
  17  0:59  Drone  
  18  1:06  Extractor  
  17  1:16  Spawning Pool  
  16  1:18  Drone  
  16  1:21  Drone  
  18  1:28  Drone  
  19  1:38  Drone  
  20  1:49  Overlord  
  20  2:02  Queen x2  
  20  2:04  Zergling x4  
  20  2:08  Metabolic Boost  
  26  2:12  Drone  
  27  2:17  Drone  
  27  2:21  Drone  
  27  2:22  Drone  
  30  2:38  Drone x2  
  30  2:40  Queen  
  30  2:42  Queen  
  36  2:46  Overlord  
  36  2:51  Overlord  
  36  2:55  Overlord  
  36  3:08  Drone x2  
  36  3:09  Drone  
  39  3:13  Drone x5  
  39  3:16  Drone  
  45  3:27  Drone x2  
  47  3:36  Hatchery, Zergling x4  
  48  3:42  Lair  
  48  3:45  Baneling Nest  
  47  3:52  Zergling x6  
  47  3:53  Zergling x4  
  52  3:56  Drone, Extractor  
  52  3:57  Overlord  
  52  4:01  Drone x2  
  54  4:04  Overlord  
  54  4:07  Drone  
  55  4:13  Spine Crawler  
  54  4:18  Drone x2  
  52  4:26  Zergling x6  
  52  4:27  Zergling x2  
  53  4:33  Baneling  
  53  4:34  Baneling x4  
  53  4:35  Zergling x8  
  57  4:39  Zergling x2, Extractor  
  57  4:40  Extractor  
  46  5:05  Zergling x2  
  46  5:06  Zergling x18  
  51  5:13  Queen, Spire  
  50  5:20  Drone x4  
  48  5:30  Spire  
  46  5:39  Zergling x4  
Show
View Real Time Build Order
Export as new Build Order

Kelazhur Terran - Winner!

Build Orders: Hellion Opening, Liberator Opening, Reaper Expand 

Get SALT Encoding   

  12  0:00  SCV  
  13  0:13  SCV  
  14  0:16  Supply Depot  
  14  0:25  SCV  
  15  0:38  SCV  
  15  0:40  Barracks  
  16  0:42  Refinery  
  16  0:50  SCV  
  17  1:02  SCV  
  18  1:14  SCV  
  19  1:27  Reaper, Orbital Command  
  20  1:37  Command Center  
  20  1:44  Supply Depot  
  20  1:53  SCV  
  21  1:59  Marine  
  22  2:03  Factory  
  22  2:05  SCV  
  23  2:11  Refinery  
  23  2:17  SCV  
  23  2:20  Barracks Reactor  
  24  2:29  SCV  
  25  2:41  SCV  
  26  2:51  Orbital Command  
  26  2:52  Starport  
  26  2:53  SCV  
  27  3:00  Hellion x2  
  31  3:05  SCV  
  31  3:08  Marine  
  33  3:17  SCV  
  33  3:18  SCV, Supply Depot  
  35  3:21  Hellion  
  35  3:22  Hellion  
  35  3:26  Marine  
  40  3:30  SCV  
  40  3:31  SCV, Medivac  
  43  3:35  Armory  
  43  3:44  Hellion x2, Marine  
  48  3:53  Supply Depot  
  48  3:57  SCV x2  
  50  4:06  Hellion x2  
  54  4:15  SCV x2, Supply Depot  
  54  4:16  Liberator  
  59  4:27  SCV  
  59  4:28  Hellion x2  
  62  4:36  SCV  
  63  4:38  Supply Depot  
  63  4:39  SCV  
  64  4:49  SCV  
  64  4:50  Hellion  
  64  4:51  SCV, Hellion  
  62  5:00  Barracks Tech Lab  
  62  5:01  SCV  
  62  5:02  Command Center  
  62  5:03  SCV  
  58  5:12  Hellion x2, Barracks  
  58  5:13  SCV, Viking, Barracks  
  63  5:15  SCV  
  64  5:27  SCV  
  64  5:28  Marine  
  64  5:30  SCV  
  64  5:33  Engineering Bay  
  64  5:34  Engineering Bay  
  59  5:39  SCV, Refinery x2  
  60  5:43  SCV  
Tags
 
Add a new tag
Caveats
  • Supply blocks, unpowered buildings, or Contaminate may cause inaccurate times.
  • Supply counts are checked every 10 seconds.